 Dungeon Crawl Stone Soup version 0.31-a0-437-g7cee417757 (webtiles) character file.

Game seed: 3334261431049725346

13874 Ethylacetat the Martial Artist (level 12, -7/67 HPs)
             Began as a Vine Stalker Monk on Aug 2, 2023.
             Was an Initiate of Gozag.
             Killed from afar by an electric eel (8 damage)
             ... with a bolt of electricity
             ... on level 12 of the Dungeon.
             The game lasted 00:31:55 (9912 turns).

Ethylacetat the Martial Artist (Vine Stalker Monk)  Turns: 9912, Time: 00:31:58

Health: -7/67      AC: 29    Str: 13      XL:     12   Next: 10%
Magic:  0/13       EV:  8    Int: 10      God:    Gozag
Gold:   966        SH:  5    Dex: 22 (23) Spells: 11/11 levels left

rFire   . .          .
                       - Unarmed
rCold   . . .        c - orb {light}
rNeg    . . .        F - +18 Lear's hauberk
rPois   .            (helmet currently unavailable)
rElec   .            l - +2 cloak
rCorr   .            (gloves currently unavailable)
SInv    .            (boots currently unavailable)
Will    +....        M - amulet of reflection Stlth
                     j - +4 ring of slaying
HPRegen 1.11/turn    (no ring)
MPRegen 0.13/turn

%: reflection, guardian spirit
@: hasted, glowing, quick
A: fangs 3, regeneration 1, magic shield, antimagic bite, no potion heal 2,
deterioration 1
a: Renounce Religion, Potion Petition, Call Merchant, Bribe Branch


You were on level 12 of the Dungeon.
You worshipped Gozag.
Gozag was pleased with you.
You visited 2 branches of the dungeon, and saw 13 of its levels.
You also visited: Bailey.

You collected 1917 gold pieces.
You spent 168 gold pieces at shops.
You paid 783 gold pieces to Gozag.

Inventory:

Missiles
 e - 7 poisoned darts
 A - 4 curare-tipped darts (quivered)
Armour
 c - an orb of light (worn)
 l - a +2 cloak (worn)
 r - the +9 plate armour of Wariness {rPois Str+5 Int+3}
   (You found it in a bailey)

   Str:       It affects your strength (+5).
   Int:       It affects your intelligence (+3).
   rPois:     It protects you from poison.
 F - the +18 Lear's hauberk (worn)
   (You found it on level 8 of the Dungeon)
Jewellery
 j - a +4 ring of slaying (left hand)
 M - an amulet of reflection (around neck)
Talismans
 n - a serpent talisman
 u - a beast talisman
Wands
 t - a wand of acid (6)
 w - a wand of iceblast (1)
 J - a wand of digging (3)
 K - a wand of charming (17)
 N - a wand of flame (7)
Scrolls
 a - 3 scrolls of immolation {unknown}
 d - 4 scrolls of enchant weapon {unknown}
 g - 5 scrolls of teleportation {unknown}
 i - 2 scrolls of silence {unknown}
 k - 12 scrolls of identify
 q - 2 scrolls of blinking {unknown}
 s - 2 scrolls of torment {unknown}
 x - 2 scrolls of vulnerability {unknown}
 y - 2 scrolls of amnesia {unknown}
 B - 2 scrolls of revelation
 C - 2 scrolls of poison {unknown}
 I - 2 scrolls of fog {unknown}
 L - 2 scrolls of fear {unknown}
Potions
 b - a potion of ambrosia
 f - 3 potions of brilliance
 h - 2 potions of magic {unknown}
 m - 4 potions of might {unknown}
 o - 3 potions of attraction {unknown}
 p - 3 potions of mutation {unknown}
 v - 2 potions of cancellation {unknown}
 D - 2 potions of degeneration {unknown}
 E - 2 potions of curing {unknown}
 H - a potion of resistance {unknown}
 O - a potion of berserk rage
Miscellaneous
 G - a phantom mirror (inert)


   Skills:
 + Level 9.7 Fighting
 - Level 5.0 Dodging
 + Level 10.5 Unarmed Combat
 * Level 10.1 Shapeshifting


You had 11 spell levels left.
You didn't know any spells.
Your spell library contained the following spells:

 Spells                   Type           Power      Damage    Failure   Level
 Apportation              Tloc           0%         N/A       100%        1
 Kiss of Death            Conj/Necr      0%         2d5       100%        1
 Necrotise                Necr           0%         1d4       100%        1
 Sting                    Tmut/Pois      0%         1d3       100%        1
 Summon Small Mammal      Summ           0%         N/A       100%        1
 Blink                    Tloc           0%         N/A       100%        2
 Cigotuvi's Dreadful Rot  Necr/Pois/Air  0%         N/A       100%        2
 Lesser Beckoning         Tloc           0%         N/A       100%        2
 Momentum Strike          Conj/Tloc      0%         3d8       100%        2
 Poisonous Vapours        Pois/Air       0%         N/A       100%        2
 Sublimation of Blood     Necr           0%         N/A       100%        2
 Dazzling Flash           Conj/Hex       0%         N/A       100%        3
 Mephitic Cloud           Conj/Pois/Air  0%         N/A       100%        3
 Volatile Blastmotes      Fire/Tloc      0%         2d10      100%        3
 Manifold Assault         Tloc           0%         N/A       100%        4
 Olgreb's Toxic Radiance  Pois           0%         N/A       100%        4
 Freezing Cloud           Conj/Ice/Air   0%         6-21      100%        5
 Dispersal                Tloc           0%         N/A       100%        6
 Starburst                Conj/Fire      0%         6d3       100%        6
 Borgnjor's Revivificati  Necr           0%         N/A       100%        8
 Disjunction              Tloc           0%         N/A       100%        8
 Maxwell's Capacitive Co  Air            0%         ∞         100%        8


Dungeon Overview and Level Annotations

Branches:
Dungeon (12/15)            Temple (1/1) D:6            Lair (0/5) D:9
 Bailey (visited)
    Orc: D:9-12

Altars:
Ashenzari
Cheibriados
Dithmenos
Elyvilon
Fedhas
Gozag
Hepliaklqana
Kikubaaqudgha
Makhleb
Nemelex Xobeh
Okawaru
Qazlal
Ru
Sif Muna
Trog
Uskayaw
Vehumet
Wu Jian
Xom
Yredelemnul
Zin
The Shining One

Shops:
D:11 =

Annotations:
D:6 3 runed translucent doors, AdnanSaban's ghost, novice GrFi
D:7 1 runed translucent door, Ignak's ghost, novice OgHW


Innate Abilities, Weirdness & Mutations

You have razor-sharp teeth.
Your natural rate of healing is unusually fast.
When hurt, damage is shared between your health and your magic reserves.
Your bite disrupts and absorbs the magic of your enemies.
Potions cannot restore your health.
Your body sometimes deteriorates upon taking damage.


Message History

You now have 962 gold pieces (gained 5).
You now have 966 gold pieces (gained 4).
Things that are here:
a +0 club; a +0 leather armour You enter the shallow water.
Moving in this stuff is going to be slow.
A centaur warrior comes into view.
The centaur warrior shouts!
The centaur warrior wields a +0 shortbow.
The centaur warrior shoots an arrow.
The arrow hits you but does no damage.
The centaur warrior shoots an arrow.
The arrow closely misses you.
An electric eel comes into view.
The electric eel shoots out a bolt of lightning at you!
The bolt of electricity hits you!
The electric eel shoots out a bolt of lightning at you!
The bolt of electricity hits you!
You enter the shallow water.
Moving in this stuff is going to be slow.
The electric eel shoots out a bolt of lightning at you!
The bolt of electricity hits you!
The electric eel shoots out a bolt of lightning at you!
The bolt of electricity hits you but does no damage.
The bolt of electricity hits you!
The centaur warrior shoots an arrow.
The arrow hits you!
The electric eel shoots out a bolt of lightning at you!
The bolt of electricity hits you.
You punch the electric eel! Your bite misses the electric eel.
The electric eel is almost dead.
The centaur warrior shoots an arrow.
The arrow hits you!!
* * * LOW HITPOINT WARNING * * *
The electric eel shoots out a bolt of lightning at you!
The bolt of electricity hits you but does no damage.
Unknown command.
You feel yourself speed up.
The centaur warrior shoots an arrow.
The arrow hits you!
* * * LOW HITPOINT WARNING * * *
The electric eel shoots out a bolt of lightning at you!
The bolt of electricity hits you!
You die...
Your body crumbles into a pile of gold.

......~~~##~~~~~#####
#.#..~~~~~~~~~~~.....
##~##~~~~~~~~~~~~.....
##~~~##~~~~~~~~~~~.....
#~~~~~#.~~~.~~~~~~....
~~~~~~~c#~###~)~~~###
~~~~~~~~### ##~~~##
~~~~~~~~~# #.~##
~~~~~~~~@# #..##
~~~~~~~~S# ###..######
~~~~~~~~~# #.........#
~~~~~~~~## #.........#
~~~~~~~## #.........#
#~~~... #####.#######
#~~... #.......# ##~...
#######.. ##.


You could see a centaur warrior and an electric eel.

Vanquished Creatures
  Erica (D:8)
  2 two-headed ogres
  A tengu warrior (D:8)
  2 cyclopes (D:11)
  A manticore (D:11)
  Maurice (D:9)
  Joseph (D:10)
  A gargoyle (Bailey)
  3 kobold demonologists (D:7)
  2 trolls
  3 vampires
  Sigmund (D:5)
  2 shadows (D:11)
  10 yaks (D:9)
  2 wraiths (D:11)
  A wyvern (D:11)
  2 steam dragons
  2 wargs (D:9)
  An acid dragon (D:12)
  Duvessa (D:5)
  An orc warrior (D:9)
  A black bear (D:5)
  5 ogres
  8 centaurs
  A phantom (D:4)
  4 kobold brigands
  A bullfrog (D:7)
  2 gnoll sergeants
  A scorpion (D:7)
  Dowan (D:5)
  6 killer bees (D:11)
  9 vampire bats (Bailey)
  2 electric eels (D:12)
  A howler monkey (D:4)
  7 wolf zombies (Bailey)
  4 jellies
  3 hounds
  7 orc priests
  4 iguanas
  12 orc wizards
  16 gnolls
  5 adders
  2 shadow imps
  2 white imps
  A worm (D:2)
  3 dart slugs
  28 orcs
  8 ball pythons
  8 bats
  8 endoplasms
  2 giant cockroaches
  11 goblins
  6 hobgoblins
  5 jackals
  16 kobolds
  2 quokkas
  16 frilled lizards
  26 orc zombies (Bailey)
  5 rats
290 creatures vanquished.

Vanquished Creatures (collateral kills)
  Snorg (D:11)
1 creature vanquished.

Grand Total: 291 creatures vanquished

Notes
Turn   | Place    | Note
-------+----------+-------------------------------------------
     0 | D:1      | Ethylacetat the Vine Stalker Monk began the quest for the
                  | Orb.
     0 | D:1      | Reached XP level 1. HP: 11/11 MP: 2/2
   126 | D:1      | Reached XP level 2. HP: 13/16 MP: 3/3
   415 | D:1      | Reached XP level 3. HP: 10/20 MP: 2/4
   871 | D:2      | You fall into a shaft and drop 2 floors!
  1017 | D:2      | Got Soes's Cyclopedia of the Spectral Wind
  1146 | D:2      | Gained mutation: Your natural rate of healing is unusually
                  | fast. [Vine Stalker growth]
  1146 | D:2      | Reached XP level 4. HP: 3/24 MP: 1/5
  1544 | D:3      | Reached XP level 5. HP: 29/29 MP: 6/6
  2086 | D:4      | Noticed a phantom
  2096 | D:4      | Killed a phantom
  2097 | D:4      | Reached XP level 6. HP: 33/33 MP: 7/7
  2581 | D:5      | Entered Level 5 of the Dungeon
  2581 | D:5      | Noticed Duvessa
  2581 | D:5      | Noticed Dowan
  2593 | D:5      | Killed Duvessa
  2594 | D:5      | Reached skill level 5 in Unarmed Combat
  2594 | D:5      | Reached XP level 7. HP: 18/38 MP: 1/8
  2596 | D:5      | Killed Dowan
  2637 | D:5      | Identified the +1 robe of Hufoh {Regen+ Dex+5}
  2679 | D:5      | Noticed Sigmund
  2687 | D:5      | Killed Sigmund
  2688 | D:5      | Reached skill level 5 in Fighting
  2786 | D:4      | Gained mutation: You have razor-sharp teeth. [Vine Stalker
                  | growth]
  2786 | D:4      | Reached XP level 8. HP: 23/43 MP: 9/9
  2831 | D:4      | Found a sacrificial altar of Ru.
  3047 | D:5      | Found Ykluf's General Store.
  3047 | D:5      | Found Sitaag's Specific Store.
  3057 | D:5      | Bought a wand of acid (4) for 168 gold pieces
  3218 | D:5      | Reached skill level 5 in Dodging
  3506 | D:6      | Found a staircase to the Ecumenical Temple.
  3522 | Temple   | Entered the Ecumenical Temple
  3572 | D:6      | Found a runed translucent gate.
  3574 | D:6      | Found a runed translucent gate.
  3574 | D:6      | Found an opulent altar of Gozag.
  3575 | D:6      | Found a runed translucent gate.
  3575 | D:6      | Noticed AdnanSaban's ghost (novice GrFi)
  3575 | D:6      | Noticed a troll
  3605 | D:6      | Reached skill level 1 in Shapeshifting
  3752 | D:6      | Found an ornate altar of the Wu Jian Council.
  3753 | D:6      | Found a snail-covered altar of Cheibriados.
  3756 | D:6      | Found a glowing golden altar of the Shining One.
  3756 | D:6      | Found a broken altar of Ashenzari.
  3757 | D:6      | Found a white marble altar of Elyvilon.
  4238 | D:7      | Reached XP level 9. HP: 25/48 MP: 2/10
  4326 | D:7      | Found a runed translucent door.
  4326 | D:7      | Noticed Ignak's ghost (novice OgHW)
  4377 | D:7      | Noticed a kobold demonologist
  4381 | D:7      | Noticed a hellwing
  4382 | D:7      | Noticed a red devil
  4385 | D:7      | Killed a kobold demonologist
  4654 | D:7      | Noticed a kobold demonologist
  4656 | D:7      | Gained mutation: Your body sometimes deteriorates upon
                  | taking damage. [a neqoxec]
  4662 | D:7      | Noticed a rust devil
  4666 | D:7      | Noticed a rust devil
  4669 | D:7      | Killed a kobold demonologist
  4670 | D:7      | Reached skill level 5 in Shapeshifting
  4733 | D:7      | Noticed a kobold demonologist
  4740 | D:7      | Noticed a rust devil
  4740 | D:7      | Killed a kobold demonologist
  5454 | D:8      | Noticed a two-headed ogre
  5456 | D:8      | Noticed Erica
  5460 | D:8      | Killed a two-headed ogre
  5461 | D:8      | Reached XP level 10. HP: 46/55 MP: 8/11
  5472 | D:8      | Killed Erica
  5916 | D:8      | Noticed a tengu warrior
  5926 | D:8      | Killed a tengu warrior
  6098 | D:8      | Found the +18 Lear's hauberk
  6446 | D:9      | Found an opulent altar of Gozag.
  6468 | D:9      | Became a worshipper of Gozag Ym Sagoz the Greedy
  6490 | D:9      | Noticed a two-headed ogre
  6491 | D:9      | Found a flagged portal.
  6501 | D:9      | Killed a two-headed ogre
  6547 | Bailey   | Entered a bailey
  6667 | Bailey   | Noticed a gargoyle
  6688 | Bailey   | HP: 2/56 [gargoyle/stone arrow (16)]
  6691 | Bailey   | Killed a gargoyle
  6954 | Bailey   | Reached XP level 11. HP: 58/60 MP: 10/12
  7096 | Bailey   | Identified the +9 plate armour of Wariness {rPois Str+5
                  | Int+3}
  7247 | D:9      | Found a staircase to the Lair.
  7339 | D:9      | Noticed Maurice
  7363 | D:9      | Killed Maurice
  7941 | D:10     | Entered Level 10 of the Dungeon
  7941 | D:10     | Noticed Joseph
  7951 | D:10     | Killed Joseph
  8428 | D:10     | Found a shimmering blue altar of Sif Muna.
  8690 | D:11     | Reached skill level 10 in Unarmed Combat
  9059 | D:11     | Noticed a manticore
  9070 | D:11     | Killed a manticore
  9083 | D:11     | Noticed a cyclops
  9094 | D:11     | Killed a cyclops
  9307 | D:11     | Noticed a cyclops
  9317 | D:11     | Killed a cyclops
  9555 | D:11     | Reached XP level 12. HP: 67/67 MP: 13/13
  9594 | D:11     | Noticed Snorg
  9602 | D:11     | Killed Snorg
  9603 | D:11     | Reached skill level 10 in Shapeshifting
  9753 | D:12     | Identified the +5 morningstar "Wotauberhu" {holy, Fly rElec
                  | Dex+3}
  9906 | D:12     | Noticed a centaur warrior
  9912 | D:12     | HP: 1/67 [centaur warrior/arrow (11)]
  9912 | D:12     | Killed from afar by an electric eel

Illustrated notes

Levels and vault maps discovered:
D:1:      scummos_arrival_hexagon, layout_basic, hangedman_abyss_or_decor_stabs,
          nrook_mini_vaults
D:2:      layout_rooms, minmay_misc_feat_tiny, minmay_lizard_king
D:3:      cheibrodos_old_hovel, layout_loops_cross
D:4:      layout_loops_cross, mainiacjoe_overflow_brackets
D:5:      layout_rooms, grunt_ministairs_12, dk_vineyard_3,
          nicolae_specific_store, eino_small_chamber_without_monster,
          uniq_sigmund, uniq_duvessa
D:6:      layout_rooms, grunt_temple_overflow_open, temple_pool_b,
          ebering_ghost_gozag, palyth_stone_intersect, due_unseen_surprise
D:7:      layout_loops_corners, gammafunk_ghost_grave, kennysheep_diamond,
          hangedman_decor_opposing
D:8:      layout_loops_corners, hellmonk_guarded_unrand_lears, uniq_erica
D:9:      layout_stronghold, nicolae_gozag_seed_capital,
          erik_lair_orcish_takeover, serial_rivers,
          chequers_serial_rivers_micro_c, chequers_serial_rivers_micro_a,
          chequers_serial_rivers_micro_b, chequers_serial_rivers_micro_b,
          enter_bailey_3, uniq_maurice
D:10:     lemuel_ice_spiral_2, layout_basic, lemuel_blue_sif_altar,
          nicolae_water_bricks, uniq_joseph
D:11:     layout_stronghold, uniq_snorg
D:12:     layout_basic, david_orc_3, nicolae_looking_at_the_future
Temple:   nicolae_temple_great_sept

Skill      XL: |  1  2  3  4  5  6  7  8  9 10 11 12 |
---------------+-------------------------------------+-----
Fighting       | 3 4 5 6 7 8 9 |  9.7
Dodging        | 3 4 5 |  5.0
Unarmed Combat | 4 5 6 8 9 10 | 10.5
Shapeshifting  | 3 6 8 9 10 | 10.1

Action                     |  1- 3 |  4- 6 |  7- 9 | 10-12 || total
---------------------------+-------+-------+-------+-------++-------
  Melee: Unarmed           |   104 |    98 |    32 |   321 ||   555
         Bite              |    34 |    27 |    66 |   204 ||   331
         Whip              |       |       |   113 |    37 ||   150
         Dagger            |       |       |       |    86 ||    86
  Throw: Dart              |       |       |     3 |       ||     3
 Invoke: Call Merchant     |       |       |       |     1 ||     1
  Evoke: Wand              |       |       |     1 |     8 ||     9
         Phantom mirror    |       |       |       |     1 ||     1
    Use: Potion            |       |     4 |       |     2 ||     6
         Scroll            |       |       |       |     2 ||     2
   Stab: Distracted        |       |       |       |     6 ||     6
         Sleeping          |       |       |       |     1 ||     1
 Armour: Robe              |    11 |    15 |    21 |       ||    47
         Chain mail        |       |       |       |   319 ||   319
  Dodge: Dodged            |    46 |    69 |   115 |   213 ||   443
  Block: Orb               |       |       |       |    36 ||    36
         Reflection        |       |       |       |     5 ||     5
   Form: Beast             |       |       |     1 |     1 ||     2
                           |       |       |       |     3 ||     3
         Anaconda          |       |       |       |     1 ||     1

Table legend: (Time is in decaauts)
 A = Elapsed time spent in this place.
 B = Non-inter-level travel time spent in this place.
 C = Inter-level travel time spent in this place.
 D = Time resting spent in this place.
 E = Time spent auto-exploring this place.
 F = Levels seen in this place.
 G = Mean time per level.
                   A        B        C        D        E       F      G
               +--------+--------+--------+--------+--------+-----+--------+
         Total |   9878 |   9354 |    524 |    159 |   7236 |  14 |  705.6 |
       Dungeon |   9275 |   8751 |    524 |    113 |   6925 |  12 |  772.9 |
        Temple |      1 |      1 |      0 |      0 |      0 |   1 |    1.0 |
        Bailey |    601 |    601 |      0 |     46 |    311 |   1 |  601.0 |
               +--------+--------+--------+--------+--------+-----+--------+

Top non-repeatable levels by time:
     D:7: 1192 daAuts
    D:11: 1080 daAuts
     D:8: 958 daAuts
     D:9: 950 daAuts
     D:1: 865 daAuts
     D:6: 750 daAuts
     D:4: 727 daAuts
     D:5: 691 daAuts
    D:10: 622 daAuts
     D:3: 620 daAuts
  Bailey: 601 daAuts
     D:2: 566 daAuts
    D:12: 248 daAuts
  Temple: 1 daAuts
